 Dungeon Crawl Stone Soup version 0.23.1 (webtiles) character file.

Game seed: 409606675172866035

779 Monsterracer the Chopper (level 7, -5/55 HPs)
             Began as a Demonspawn Gladiator on Mar 10, 2019.
             Was a Follower of Makhleb.
             Slain by Blork the orc
             ... wielding a +1 halberd of holy wrath
              (10 damage)
             ... on level 5 of the Dungeon.
             The game lasted 00:04:21 (5053 turns).

Monsterracer the Chopper (Demonspawn Gladiator)     Turns: 5053, Time: 00:04:21

Health: -5/55      AC: 11    Str: 16    XL:     7   Next: 54%
Magic:  10/10      EV: 11    Int: 10    God:    Makhleb [*.....]
Gold:   174        SH:  0    Dex: 14    Spells: 6/6 levels left

rFire    . . .     SeeInvis .   a - +0 war axe
rCold    + . .     Gourm    .   (no shield)
rNeg     . . .     Faith    .   g - +0 ring mail
rPois    .         Spirit   .   f - +0 helmet
rElec    .         Reflect  .   b - scarf {cloud immunity}
rCorr    .         Harm     .   (no gloves)
MR       .....                  n - +0 pair of boots
Stlth    +.........             (no amulet)
HPRegen  0.18/turn              (no ring)
MPRegen  0.12/turn              (no ring)

@: no status effects
A: hooves 1, iridescent scales 2, cold resistance 1
a: Renounce Religion


You were on level 5 of the Dungeon.
You worshipped Makhleb.
Makhleb was aware of your devotion.
You were very hungry.

You visited 2 branches of the dungeon, and saw 6 of its levels.

You collected 174 gold pieces.


Innate Abilities, Weirdness & Mutations

You have large cloven feet.
You are mostly covered in iridescent scales. (AC +4)
Your flesh is cold resistant. (rC+)


   Skills:
 + Level 4.9 Fighting
 * Level 6.3 Axes
 - Level 1.7 Throwing
 - Level 2.6 Dodging
 + Level 4.2 Invocations


You had 6 spell levels left.
You didn't know any spells.
Your spell library was empty.

Inventory:

Hand Weapons
 a - a +0 war axe (weapon)
Armour
 b - a scarf of cloud immunity (worn)
   (You found it on level 1 of the Dungeon)
 f - a +0 helmet (worn)
 g - a +0 ring mail (worn)
   (You found it on level 1 of the Dungeon)
 n - a +0 pair of boots (worn)
   (You found it on level 2 of the Dungeon)
Scrolls
 i - a scroll of blinking {unknown}
 j - a scroll of enchant weapon {unknown}
 k - 2 scrolls of identify {unknown}
 l - 3 scrolls of fog {unknown}
 p - a scroll of teleportation {unknown}
 r - a scroll of remove curse {unknown}
Potions
 e - 2 potions of curing {unknown}
 h - a potion of mutation {unknown}
 m - 2 potions of degeneration {unknown}
 o - a potion of resistance {unknown}
 q - a potion of haste {unknown}
 s - a potion of agility {unknown}
 t - a potion of might {unknown}
Comestibles
 c - 6 rations

Dungeon Overview and Level Annotations

Branches:
Dungeon (5/15)             Temple (1/1) D:4

Altars:
Ashenzari
Cheibriados
Dithmenos
Fedhas
Gozag
Hepliaklqana
Kikubaaqudgha
Makhleb
Okawaru
Qazlal
Sif Muna
Trog
Vehumet
Wu Jian
Xom
Yredelemnul
Zin
The Shining One

Annotations:
D:3 3 runed translucent doors, DungeonDestroyer's ghost, amateur DrFi
D:5 Blork the orc

.###########<# .............#
.........###.# .......).# #.#
.........###.#
..........>#.#######.#
......................
.#############.###########
#(....Jo@...#.#..........
#.####.####.#.#.####.#### #.#
#.#....#.# #o#.####.####.#.#
#.#...........#.#
##########.#############.####
......................(......
.....................####....
............#.............###


You could see Blork the orc and a jelly.


Message History

Makhleb accepts your kill.
Your Invocations skill increases to level 4!
Unknown command.
Found a stone staircase leading down.
d - 2 throwing nets {!f} (gained 1)
You see here a +0 giant spiked club.
There isn't anything to butcher here.
Magic restored.
You are feeling hungry.
Key pressed, stopping explore.
HP restored.
Found 21 stones.
Health restored: 55; MP restored: 10 You see here 21 stones.
t - a sapphire potion You now have 157 gold pieces (gained 9).
An orc comes into view. It is wielding a +0 short sword.
The orc shouts!
You hear a shout!
An orc comes into view. It is wielding a +0 short sword.
An orc wizard comes into view. It is wielding a +0 dagger.
The orc moves out of view.
There are monsters nearby!
You see here 17 gold pieces.
You now have 174 gold pieces (gained 17).
You hit the orc.
You kill the orc!
Makhleb accepts your kill.
You see here a +0 short sword.
No target in view!
Blork the orc comes into view.
He is wielding a +1 halberd of holy wrath.
Unknown command.
Blork the orc hits you with a +1 halberd of holy wrath!
You convulse!
You take 18 damage, and have 37/55 hp.
MASSIVE DAMAGE!!
You are too injured to fight recklessly!
You hit Blork the orc.
Blork the orc is lightly wounded.
Blork the orc hits you with a +1 halberd of holy wrath!
You convulse!
* * * LOW HITPOINT WARNING * * *
A jelly comes into view.
You take 21 damage, and have 16/55 hp.
MASSIVE DAMAGE!!
Unknown command.
Blork the orc completely misses you.
You see here a +0 short sword.
Blork the orc casts a spell.
Blork the orc seems to speed up.
Unknown command.
Unknown command.
Okay, then.
Throwing (i - inventory)
d - 2 throwing nets (quivered)
{!f}
Press: ? - help, Shift-Dir - straight line, f - Blork the orc
Aim: Blork the orc, wielding a +1 halberd of holy wrath and wearing a +0 robe (lightly wounded, fast) Really fire
d - 2 throwing nets {!f}?
You throw a throwing net {!f}.
The throwing net {!f} hits Blork the orc.
Blork the orc is caught in the net!
Blork the orc is lightly wounded.
Blork the orc struggles against the net. x2
Blork the orc struggles against the net.
The net rips apart, and Blork the orc comes free!
You are feeling very hungry.
You slash Blork the orc!
Blork the orc is moderately wounded.
Blork the orc completely misses you.
Blork the orc hits you with a +1 halberd of holy wrath.
* * * LOW HITPOINT WARNING * * *
You convulse.
* * * LOW HITPOINT WARNING * * *
You take 4 damage, and have 14/55 hp.
Throwing (i - inventory)
d - a throwing net (quivered)
{!f}
Press: ? - help, Shift-Dir - straight line, f/p - Blork the orc
Aim: Blork the orc, wielding a +1 halberd of holy wrath and wearing a +0 robe (moderately wounded, fast) Really fire
d - a throwing net {!f}?
You throw a throwing net {!f}.
The throwing net {!f} completely misses Blork the orc.
Blork the orc hits you with a +1 halberd of holy wrath.
* * * LOW HITPOINT WARNING * * *
You convulse.
* * * LOW HITPOINT WARNING * * *
You take 2 damage, and have 12/55 hp.
Unknown command.
Okay, then.
Firing (i - inventory) No suitable missiles.
Press: ? - help, Shift-Dir - straight line, f/p - Blork the orc
Aim: Blork the orc, wielding a +1 halberd of holy wrath and wearing a +0 robe (moderately wounded, fast)
Okay, then.
Your ring mail prevents you from hitting Blork the orc.
Blork the orc is moderately wounded.
Blork the orc closely misses you.
You slash Blork the orc!
Blork the orc is severely wounded.
Blork the orc hits you but does no damage.
Blork the orc barely misses you.
You barely miss Blork the orc.
Blork the orc is severely wounded.
Blork the orc hits you with a +1 halberd of holy wrath!
* * * LOW HITPOINT WARNING * * *
You convulse!
You die...

Skill      XL: |  1  2  3  4  5  6  7 |
---------------+----------------------+-----
Axes           | 3 4 5 6 |  6.3
Fighting       | 3 4 |  4.9
Invocations    | 2 3 4 |  4.2
Throwing       | |  1.7
Dodging        | |  2.6

Action                   |  1- 3 |  4- 6 |  7- 9 || total
-------------------------+-------+-------+-------++-------
Melee: War axe           |   112 |   130 |    50 ||   292
       Kick              |     3 |       |       ||     3
Throw: Throwing net      |     1 |       |     3 ||     4
 Stab: Held in net/web   |       |       |     1 ||     1
  Eat: Chunk             |     4 |     5 |       ||     9
       Ration            |       |       |     1 ||     1
Armor: Ring mail         |    67 |    63 |    14 ||   144
       Leather armour    |     1 |       |       ||     1
Dodge: Dodged            |    88 |    80 |    19 ||   187

Levels and vault maps discovered:
D:1:      lordsloth_arrival_two_stooges, layout_basic,
          wad_floor_pattern_untrapped, minmay_stone_trees_small,
          kennysheep_nondescript
D:2:      layout_basic, amethyst_overflow_temple_binary
D:3:      layout_basic, ebering_ghost_rock_garden, uniq_jessica
D:4:      layout_rooms, lemuel_round_altar, trog_eyes_of_draining,
          nicolae_tso_carved_into_rock, minmay_temple_entry_junction_2,
          first_ration, serial_rivers, chequers_serial_rivers_small_3,
          chequers_serial_rivers_micro_b, chequers_serial_rivers_large_a,
          chequers_serial_rivers_micro_e, chequers_serial_rivers_small_3
D:5:      layout_basic, roderic_lattice_a, cheibriados_altar_1, uniq_sigmund,
          uniq_eustachio, uniq_blork_the_orc
Temple:   cyrus_circular_temple

Notes
Turn   | Place    | Note
-------+----------+-------------------------------------------
     0 | D:1      | Monsterracer the Demonspawn Gladiator began the quest for
                  | the Orb.
     0 | D:1      | Reached XP level 1. HP: 16/16 MP: 1/1
   329 | D:1      | Reached skill level 3 in Axes
   329 | D:1      | Gained mutation: You are partially covered in iridescent
                  | scales. (AC +2) [demonic ancestry]
   329 | D:1      | Reached XP level 2. HP: 20/23 MP: 2/2
  1508 | D:2      | HP: 11/23 [dart slug/slug dart (6)]
  1540 | D:2      | Gained mutation: You have large cloven feet. [demonic
                  | ancestry]
  1540 | D:2      | Reached XP level 3. HP: 15/28 MP: 3/3
  2275 | D:2      | Found a deep blue altar of Sif Muna.
  2275 | D:2      | Found an iron altar of Okawaru.
  2361 | D:2      | Reached XP level 4. HP: 30/35 MP: 4/4
  2701 | D:3      | Noticed Jessica
  2704 | D:3      | Killed Jessica
  2704 | D:3      | Reached skill level 4 in Axes
  2926 | D:3      | Found a runed translucent gate.
  2927 | D:3      | Found a runed translucent gate.
  2928 | D:3      | Found a runed translucent gate.
  2928 | D:3      | Noticed DungeonDestroyer's ghost (amateur DrFi)
  3230 | D:3      | Gained mutation: Your flesh is cold resistant. (rC+)
                  | [demonic ancestry]
  3230 | D:3      | Reached XP level 5. HP: 41/41 MP: 5/5
  3241 | D:4      | Found a staircase to the Ecumenical Temple.
  3252 | Temple   | Entered the Ecumenical Temple
  3263 | Temple   | Became a worshipper of Makhleb the Destroyer
  3364 | D:4      | Reached skill level 1 in Invocations
  3495 | D:4      | Found an opulent altar of Gozag.
  3587 | D:4      | Reached skill level 5 in Axes
  3587 | D:4      | Gained mutation: You are mostly covered in iridescent
                  | scales. (AC +4) [demonic ancestry]
  3587 | D:4      | Reached XP level 6. HP: 40/48 MP: 7/7
  3784 | D:4      | HP: 22/48 [gnoll (6)]
  4075 | D:4      | Reached XP level 7. HP: 55/55 MP: 0/9
  4089 | D:4      | Found a bloodstained altar of Trog.
  4206 | D:4      | Reached * piety under Makhleb
  4210 | D:4      | Reached skill level 6 in Axes
  4502 | D:4      | Found a glowing golden altar of the Shining One.
  4709 | D:5      | Entered Level 5 of the Dungeon
  4717 | D:5      | HP: 9/55 [ogre/+0 giant spiked club (25)]
  5032 | D:5      | Noticed Blork the orc
  5038 | D:5      | HP: 16/55 [Blork the orc/+1 halberd of holy wrath (12)]
  5049 | D:5      | HP: 15/55 [Blork the orc/+1 halberd of holy wrath (3)]
  5053 | D:5      | HP: 5/55 [Blork the orc/+1 halberd of holy wrath (7)]
  5053 | D:5      | Slain by Blork the orc

Vanquished Creatures
  3 eyes of draining (D:4)
  An ogre (D:5)
  A howler monkey (D:4)
  A gnoll shaman (D:4)
  3 orc wizards (Temple D:4)
  Jessica (D:3)
  A centaur skeleton (D:4)
  2 worker ants (D:3 D:4)
  4 gnolls (D:4)
  5 adders (D:2 D:4)
  An ooze (D:2)
  3 worms (D:2 D:3 D:4)
  A dart slug (D:2)
  3 leopard geckos (D:3 D:4)
  13 orcs (D:3 Temple D:4 D:5)
  6 bats (D:1 D:2)
  3 giant cockroaches (D:1 D:2 D:3)
  4 goblins (D:1 D:2 D:3)
  A hobgoblin (D:1)
  4 jackals (D:1)
  3 quokkas (D:2)
  A ball python (D:3)
  9 frilled lizards (D:1 D:2 D:3 D:4)
  5 kobolds (D:1 D:2 D:3)
  A quokka skeleton (D:5)
  9 rats (D:1 D:2 D:3)
89 creatures vanquished.

Table legend:
 A = Turns spent in this place as a percentage of turns spent in the entire game.
 B = Non-inter-level travel turns spent in this place as a percentage of non-inter-level travel turns spent in the entire game.
 C = Inter-level travel turns spent in this place as a percentage of turns spent in this place.
 D = Turns resting spent in this place as a percentage of non-inter-level travel turns spent in this place.
 E = Turns spent auto-exploring this place as a percentage of non-inter-level travel turns spent in this place.
 F = Non-inter-level travel turns spent in this place divided by the number of levels of this place that you've seen.
                   A       B       C       D       E      F
               +-------+-------+-------+-------+-------+----------------------
         Total | 100.0 | 100.0 |   2.5 |   0.0 |  86.1 | 821.0
       Dungeon |  98.4 |  98.6 |   2.4 |   0.0 |  86.4 | 971.2
        Temple |   1.6 |   1.4 |  11.4 |   0.0 |  60.0 |  70.0
               +-------+-------+-------+-------+-------+----------------------

Table legend:
 A = Non-vault XP
 B = Vault XP
 C = Vault XP percentage of total XP
 D = Non-vault monster count
 E = Vault monster count
 F = Vault count percentage of total count
                 A         B        C        D         E       F
            +---------+---------+-------+---------+---------+-------
      Total |     686 |     428 |  38.4 |      83 |       6 |   6.7
            +---------+---------+-------+---------+---------+-------
        D:1 |      26 |       0 |   0.0 |      17 |       0 |   0.0
        D:2 |      76 |       0 |   0.0 |      20 |       0 |   0.0
        D:3 |      59 |      37 |  38.5 |      15 |       1 |   6.2
        D:4 |     350 |     391 |  52.8 |      25 |       5 |  16.7
        D:5 |     129 |       0 |   0.0 |       3 |       0 |   0.0
     Temple |      46 |       0 |   0.0 |       3 |       0 |   0.0
            +---------+---------+-------+---------+---------+-------
